introsp3ctive, lawful male human Samurai ---------- ...@.....| |...r....| .........| -----+---- introsp3ctive the Ronin Experience level: 3 Strength: 13 Dexterity: 18 Constitution: 18 Intelligence: 8 Wisdom: 10 Charisma: 7 Health: 0(35) Energy: 9(9) Def: 8 Gold: 428 Moves: 1506 Dungeon seed: at9MwHu1fVXzinIg Game ID: introsp3ctive_1467257130 Your Inventory: Coins $ - 428 gold pieces Weapons a - an uncursed +1 katana (weapon in hand) b - an uncursed +0 wakizashi c - an uncursed +0 yumi (alternate weapon; not wielded) d - 38 uncursed +0 ya (in quiver) Armor e - an uncursed rustproof +0 splint mail (being worn) n - an uncursed +0 orcish helm (being worn) r - an uncursed +0 pair of kicking boots (being worn) Comestibles i - 4 uncursed gunyoki Scrolls s - an uncursed scroll of identify v - an uncursed scroll of enchant armor w - an uncursed scroll of remove curse Spellbooks x - an uncursed spellbook of turn undead Potions z - an uncursed potion of enlightenment A - a blessed potion of extra healing Wands p - an uncursed wand of probing (0:3) B - an uncursed wand of create monster (0:14) Tools l - an uncursed skeleton key q - an uncursed tin whistle Spells and supernatural/magical abilities: Name Level Category Fail Memory W - pray for help -- divine ? -- Your skills at the end: Fighting Skills martial arts [Basic] Weapon Skills short sword [Basic] long sword [Basic] bow [Basic] Spellcasting Skills Final Attributes: You were piously aligned. You were stunned. You were confused. You were fast. You were lucky. You are dead. Vanquished creatures: a floating eye an orc zombie 2 iguanas a brown mold a yellow mold a gecko 7 jackals a fox a goblin a grid bug 2 bats a lichen a kobold zombie 8 newts 29 creatures vanquished. Voluntary challenges: You used a wielded weapon 28 times, starting on turn 91. You read items or engraved 8 times, starting on turn 723. You never genocided any monsters. You never polymorphed an object. You never changed form. You used no wishes. You never split a pudding. You wrote Elbereth's name 4 times, starting on turn 723. You never violated your personal moral code. Dungeon overview: The Dungeons of Doom: levels 1 to 7 Level 1 an altar to Raijin a long staircase Level 2 a scroll shop, an altar to Susanowo, a fountain Level 3 stairs to The Gnomish Mines Level 4 a sink Level 5 a sink Level 6 Level 7 <- You were here The Gnomish Mines: Level 4 stairs to The Dungeons of Doom History has recorded: On T:1 you entered the Dungeons of Doom to retrieve the Amulet of Yendor! On T:313 you reached level 2 of The Dungeons of Doom. On T:356 you reached level 3 of The Dungeons of Doom. On T:571 you reached level 4 of The Dungeons of Doom. On T:634 you reached level 1 of The Gnomish Mines. On T:682 you advanced to experience level 2. On T:1015 you advanced to experience level 3. On T:1070 you reached level 5 of The Dungeons of Doom. On T:1449 you reached level 6 of The Dungeons of Doom. On T:1496 you reached level 7 of The Dungeons of Doom. Score breakdown: Gold: 428 ( 8954 points) Experience: 3 levels ( 7878 points) Exploration: 7 levels ( 13.46%) (10289 points) Discoveries: 10 items ( 4.07%) ( 6048 points) Valuables value: (no points given unless you survive) Artifact value: 0 ( 0 points) Variety of kills: 14 monsters ( 3.67%) ( 5750 points) Turncount: 1506 turns ( 0 points) Survival: died (score multiplied by 80%) Total score: 31135 Latest messages: You hit the rabid rat. The rabid rat bites! Sparks fly as you whack the wall. You attack thin air. The rabid rat bites! Sparks fly as you whack the wall. Your katana vibrates violently! The rabid rat misses. You attack thin air. You feel incredibly sick. You attack thin air. The rabid rat just misses! You miss the rabid rat. The rabid rat bites! You attack thin air. You miss the rabid rat. The rabid rat bites! You suddenly vomit! The rabid rat bites! The rabid rat's bite was poisoned! You hear the wailing of the Banshee... You die... Final status: Sayonara introsp3ctive the Samurai, killed by a rabid rat, while vomiting... You died in The Dungeons of Doom on dungeon level 7 with 31135 points, and 428 pieces of gold, after 1506 moves. You were level 3 with a maximum of 35 hit points when you died.